Lightning vs MapleLeafs

Created - Tuesday, March 01, 2016 at 03:10

Goals
1 2 3 T
Lightning 1 0 0 1
MapleLeafs 2 2 1 5
Shots
1 2 3 T
Lightning 6 12 7 25
MapleLeafs 14 6 7 27

1st period

1. MapleLeafs , James van Riemsdyk 34 (Mikko Koivu) at 2:06 (PP)
2. MapleLeafs , James van Riemsdyk 35 (Drew Doughty, Mikko Koivu) at 8:00 (PP)
3. Lightning , Ryan Nugent-Hopkins 34 (Alexander Steen, Ryan Suter) at 19:42 (PP)

Penalties :
Brandon Dubinsky (TB ) for Hooking (Minor) at 2:02, Drew Doughty (Tor) for Cross-checking (Minor) at 3:38, Brandon Dubinsky (TB ) for Interference (Minor) at 7:55, Ondrej Palat (TB ) for Goalie Interference (Minor) at 15:30, Marc-Edouard Vlasic (Tor) for Holding (Minor) at 19:26

2nd period

4. MapleLeafs , Jeff Skinner 11 (Dan Girardi, Erik Gudbranson) at 16:55
5. MapleLeafs , Dainius Zubrus 6 (Drew Doughty, Justin Williams) at 17:17

Penalties :
Dan Girardi (Tor) for Roughing (Minor) at 0:54, Marc-Edouard Vlasic (Tor) for Cross-checking (Minor) at 11:22

3rd period

6. MapleLeafs , Beau Bennett 2 (Shawn Matthias, Jeff Skinner) at 16:09

Penalties :
Brandon Dubinsky (TB ) for Roughing (Minor) at 3:45, Brandon Dubinsky (TB ) for Holding (Minor) at 12:53, Drew Doughty (Tor) for Holding (Minor) at 16:26

Goalie Stats

Carey Price (TB ), 22 saves from 27 shots - (0.815), L, 34-12-6, 60:00 minutes
Cory Schneider (Tor), 24 saves from 25 shots - (0.960), W, 33-17-2, 60:00 minutes

Players Stats for Lightning

Player Name              G  A  P  +/- PIM S  H  SB GA TA FO     MP     PP MP  PK MP  
------------------------------------------------------------------------------------
Alex Chiasson            0  0  0  -2  0   1  1  0  0  0  1/2     9:38   0:00   0:00 
Alexander Steen          0  1  1   0  0   3  1  0  2  0  1/2    18:38   4:27   1:30 
Brandon Dubinsky         0  0  0  -1  8   1  1  0  0  0  12/20  18:35   3:45   0:53 
Derek MacKenzie          0  0  0   0  0   1  3  0  2  3  6/12   12:00   0:00   2:15 
Dmitry Kulikov           0  0  0  -1  0   2  0  3  0  3  0/0    21:03   4:09   2:52 
Jiri Tlusty              0  0  0  -2  0   2  1  0  2  0  0/0     9:38   0:00   0:00 
John Mitchell            0  0  0  -2  0   0  1  1  1  0  0/1     9:38   0:00   0:00 
Leo Komarov              0  0  0   0  0   1  2  1  0  0  0/1    13:28   0:00   3:43 
Marc Methot              0  0  0  -1  0   0  1  1  0  0  0/0    21:11   4:09   2:29 
Matt Calvert             0  0  0   0  0   2  0  3  1  0  2/2    13:45   0:00   3:51 
Michael Stone            0  0  0  -2  0   0  0  1  0  0  0/0    15:07   0:00   0:00 
Ondrej Palat             0  0  0  -1  2   2  2  0  1  1  0/0    17:22   3:45   0:00 
Patric Hornqvist         0  0  0   0  0   1  0  0  0  1  0/0    17:04   4:27   0:00 
Roman Polak              0  0  0  -2  0   1  2  2  0  1  0/0    18:44   0:00   3:37 
Ryan Nugent-Hopkins      1  0  1   0  0   4  0  1  2  2  8/14   17:04   4:27   0:00 
Ryan Strome              0  0  0  -1  0   2  2  0  1  0  0/1    16:59   3:45   0:00 
Ryan Suter               0  1  1   0  0   2  1  2  0  3  0/0    23:50   4:03   3:14 
Tyson Barrie             0  0  0   0  0   0  1  0  1  0  0/0    20:05   4:03   0:00 

Players Stats for MapleLeafs

Player Name              G  A  P  +/- PIM S  H  SB GA TA FO     MP     PP MP  PK MP  
------------------------------------------------------------------------------------
Beau Bennett             1  0  1   2  0   3  1  0  0  0  0/1     9:06   0:00   0:00 
Bobby Ryan               0  0  0   0  0   2  0  0  1  0  0/1    17:37   2:56   0:19 
Brandon Sutter           0  0  0   0  0   0  4  1  0  0  8/13   18:20   2:56   1:50 
Carl Gunnarsson          0  0  0   0  0   0  0  0  0  1  0/0    13:48   0:00   0:43 
Dainius Zubrus           1  0  1   1  0   2  0  0  0  1  1/7    16:33   0:00   6:03 
Dan Girardi              0  1  1   2  2   0  2  4  0  0  0/0    25:19   3:54   5:30 
Dominic Moore            0  0  0   1  0   0  1  1  1  0  4/6    16:33   0:00   6:03 
Drew Doughty             0  2  2   2  4   1  2  0  0  1  0/0    22:42   3:54   3:31 
Erik Gudbranson          0  1  1   0  0   0  0  2  0  2  0/0    20:07   0:00   5:49 
James Neal               0  0  0   0  0   0  1  0  3  0  0/1    14:54   3:10   0:00 
James van Riemsdyk       2  0  2   0  0   2  2  0  2  0  0/1    14:54   3:10   0:00 
Jeff Skinner             1  1  2   2  0   7  1  0  3  0  0/0     9:06   0:00   0:00 
Justin Williams          0  1  1   1  0   3  1  0  4  0  0/0    10:24   0:00   0:19 
Marc-Edouard Vlasic      0  0  0   1  4   1  1  3  1  3  0/0    21:07   2:12   0:51 
Mikko Koivu              0  2  2   0  0   1  1  0  0  0  9/20   16:44   3:10   1:50 
Morgan Rielly            0  0  0   1  0   0  0  1  0  0  0/0    18:53   2:12   0:00 
Patrick Sharp            0  0  0   0  0   3  1  1  4  0  0/0    16:30   2:56   0:00 
Shawn Matthias           0  1  1   2  0   2  0  0  2  0  3/5     9:06   0:00   0:00 

3 Stars

1 - James van Riemsdyk (Tor)
2 - Jeff Skinner (Tor)
3 - Cory Schneider (Tor)

Power Play

Lightning - 1 on 5 Attempt(s) - 20.00%
MapleLeafs - 2 on 5 Attempt(s) - 40.00%

Penalty Kill

Lightning - 3 on 5 Attempt(s) - 60.00% - Score 0 goal in Penalty Kill
MapleLeafs - 4 on 5 Attempt(s) - 80.00% - Score 0 goal in Penalty Kill

Team Stat

Lightning - Hits : 19 - Faceoff Wins : 30 - Blocked Shots : 15 - Penalty Minutes : 10
MapleLeafs - Hits : 18 - Faceoff Wins : 25 - Blocked Shots : 13 - Penalty Minutes : 10

Official

Referees : Unknown
Linesman : Unknown

Game Notes

No Game Note

Finance

Level 1 -- Attendance: 3278 (54.63%) -- Ticket Income $442,530
Level 2 -- Attendance: 2650 (53.00%) -- Ticket Income $225,250
Level 3 -- Attendance: 1060 (53.00%) -- Ticket Income $50,880
Level 4 -- Attendance: 2120 (53.00%) -- Ticket Income $61,480
Luxury Box -- Attendance: 581 (58.10%) -- Ticket Income $133,049
Game was played at the Air Canada Centre.
Total Attendance: 9689 (53.83%)
Total Ticket Income: $913,189
Other Income: $447,463
Total Income: $1,360,652

Lightning

5 vs 5 Forward 
   Center                   Left Wing                Right Wing               Time % Phy DF OF 
 1 Ryan Nugent-Hopkins      Alexander Steen          Patric Hornqvist         30     0   2  3  
 2 Brandon Dubinsky         Ondrej Palat             Ryan Strome              30     1   2  2  
 3 John Mitchell            Jiri Tlusty              Alex Chiasson            20     1   2  2  
 4 Derek MacKenzie          Matt Calvert             Leo Komarov              20     1   2  2  

5 vs 5 Defense 
   Defense                  Defense                                           Time % Phy DF OF 
 1 Ryan Suter               Tyson Barrie                                      34     1   2  2  
 2 Dmitry Kulikov           Marc Methot                                       33     1   2  2  
 3 Roman Polak              Michael Stone                                     33     1   2  2  
 4 Ryan Suter               Tyson Barrie                                      0      1   2  2  

PowerPlay Forward 
   Center                   Left Wing                Right Wing               Time % Phy DF OF 
 1 Ryan Nugent-Hopkins      Alexander Steen          Patric Hornqvist         50     0   1  4  
 2 Brandon Dubinsky         Ondrej Palat             Ryan Strome              50     0   1  4  

PowerPlay Defense
   Defense                  Defense                                           Time % Phy DF OF 
 1 Ryan Suter               Tyson Barrie                                      60     1   2  2  
 2 Dmitry Kulikov           Marc Methot                                       40     1   2  2  

Penalty Kill 4 Players Forward 
   Center                   Wing                     Time % Phy DF OF 
 1 Derek MacKenzie          Leo Komarov              50     1   4  0  
 2 Brandon Dubinsky         Matt Calvert             50     1   4  0  

Penalty Kill 4 Players Defense
   Defense                  Defense                  Time % Phy DF OF 
 1 Dmitry Kulikov           Roman Polak              50     1   4  0  
 2 Ryan Suter               Marc Methot              50     1   4  0  

Penalty Kill - 3 Players Forward 
   Forward                                           Time % Phy DF OF 
 1 Derek MacKenzie                                   50     1   4  0  
 2 Brandon Dubinsky                                  50     1   4  0  

Penalty Kill - 3 Players Defense
   Defense                  Defense                  Time % Phy DF OF 
 1 Dmitry Kulikov           Roman Polak              50     1   4  0  
 2 Ryan Suter               Marc Methot              50     1   4  0  

4 vs 4 Forward 
   Center                   Wing                     Time % Phy DF OF 
 1 Ryan Nugent-Hopkins      Patric Hornqvist         50     1   2  2  
 2 Brandon Dubinsky         Ondrej Palat             50     1   2  2  

4 vs 4 Defense
   Defense                  Defense                  Time % Phy DF OF 
 1 Ryan Suter               Tyson Barrie             50     1   2  2  
 2 Dmitry Kulikov           Marc Methot              50     1   2  2  

Last Minutes Offensive
   Center                   Left Wing                Right Wing               Defense                  Defense                  
   Ryan Nugent-Hopkins      Alexander Steen          Patric Hornqvist         Ryan Suter               Tyson Barrie             

Last Minutes Defensive
   Center                   Left Wing                Right Wing               Defense                  Defense                  
   Brandon Dubinsky         Alexander Steen          Leo Komarov              Ryan Suter               Roman Polak              

Goaltenders
Starting : Carey Price              
Backup : Mike Smith               

Extra Forwards
Normal : Ryan Nugent-Hopkins, Patric Hornqvist, Brandon Dubinsky - PP : Ryan Nugent-Hopkins, Patric Hornqvist - PK : Leo Komarov
Extra Defensemen
Normal : Ryan Suter, Dmitry Kulikov, Marc Methot - PP : Ryan Suter - PK : Roman Polak, Ryan Suter
Penalty Shots
Alexander Steen, Derek MacKenzie, Ryan Strome, Ryan Nugent-Hopkins, Patric Hornqvist

MapleLeafs

5 vs 5 Forward 
   Center                   Left Wing                Right Wing               Time % Phy DF OF 
 1 Mikko Koivu              James van Riemsdyk       James Neal               35     0   2  3  
 2 Brandon Sutter           Bobby Ryan               Patrick Sharp            35     0   2  3  
 3 Dainius Zubrus           Dominic Moore            Justin Williams          20     0   2  3  
 4 Shawn Matthias           Jeff Skinner             Beau Bennett             10     0   2  3  

5 vs 5 Defense 
   Defense                  Defense                                           Time % Phy DF OF 
 1 Drew Doughty             Dan Girardi                                       40     1   2  2  
 2 Marc-Edouard Vlasic      Morgan Rielly                                     35     1   2  2  
 3 Carl Gunnarsson          Erik Gudbranson                                   25     1   2  2  
 4 Drew Doughty             Dan Girardi                                       0      1   2  2  

PowerPlay Forward 
   Center                   Left Wing                Right Wing               Time % Phy DF OF 
 1 Mikko Koivu              James van Riemsdyk       James Neal               60     0   1  4  
 2 Brandon Sutter           Bobby Ryan               Patrick Sharp            40     0   1  4  

PowerPlay Defense
   Defense                  Defense                                           Time % Phy DF OF 
 1 Drew Doughty             Dan Girardi                                       75     0   2  3  
 2 Marc-Edouard Vlasic      Morgan Rielly                                     25     0   2  3  

Penalty Kill 4 Players Forward 
   Center                   Wing                     Time % Phy DF OF 
 1 Dominic Moore            Dainius Zubrus           60     0   5  0  
 2 Mikko Koivu              Brandon Sutter           40     0   5  0  

Penalty Kill 4 Players Defense
   Defense                  Defense                  Time % Phy DF OF 
 1 Drew Doughty             Dan Girardi              75     0   5  0  
 2 Marc-Edouard Vlasic      Carl Gunnarsson          25     0   5  0  

Penalty Kill - 3 Players Forward 
   Forward                                           Time % Phy DF OF 
 1 Dominic Moore                                     60     0   5  0  
 2 Brandon Sutter                                    40     0   5  0  

Penalty Kill - 3 Players Defense
   Defense                  Defense                  Time % Phy DF OF 
 1 Drew Doughty             Dan Girardi              75     0   5  0  
 2 Marc-Edouard Vlasic      Carl Gunnarsson          25     0   5  0  

4 vs 4 Forward 
   Center                   Wing                     Time % Phy DF OF 
 1 Mikko Koivu              James van Riemsdyk       60     0   2  3  
 2 Brandon Sutter           James Neal               40     0   2  3  

4 vs 4 Defense
   Defense                  Defense                  Time % Phy DF OF 
 1 Drew Doughty             Dan Girardi              60     1   2  2  
 2 Marc-Edouard Vlasic      Morgan Rielly            40     1   2  2  

Last Minutes Offensive
   Center                   Left Wing                Right Wing               Defense                  Defense                  
   Mikko Koivu              James van Riemsdyk       James Neal               Drew Doughty             Dan Girardi              

Last Minutes Defensive
   Center                   Left Wing                Right Wing               Defense                  Defense                  
   Mikko Koivu              James van Riemsdyk       James Neal               Drew Doughty             Dan Girardi              

Goaltenders
Starting : Cory Schneider           
Backup : Martin Jones             

Extra Forwards
Normal : Dainius Zubrus, Dominic Moore, Justin Williams - PP : Dainius Zubrus, Dominic Moore - PK : Justin Williams
Extra Defensemen
Normal : Morgan Rielly, Erik Gudbranson, Marc-Edouard Vlasic - PP : Morgan Rielly - PK : Erik Gudbranson, Marc-Edouard Vlasic
Penalty Shots
James van Riemsdyk, James Neal, Bobby Ryan, Patrick Sharp, Jeff Skinner

% Time on Ice - Lightning

Lines # - Real PCT - Wanted PCT - Time Play
Normal Forward
1 - 28% - 30% - 12:56
2 - 30% - 30% - 13:42
3 - 21% - 20% - 9:38
4 - 21% - 20% - 9:26
Normal Defense
1 - 34% - 34% - 15:31
2 - 32% - 33% - 14:33
3 - 33% - 33% - 15:07
4 - 1% - 0% - 0:31
PP Forward
1 - 54% - 50% - 4:27
2 - 46% - 50% - 3:45
PP Defense
1 - 49% - 60% - 4:03
2 - 51% - 40% - 4:09
PK Forward
1 - 37% - 50% - 2:15
2 - 63% - 50% - 3:51
PK Defense
1 - 47% - 50% - 2:52
2 - 53% - 50% - 3:14
PK3 Forward
1 - 0% - 50%
2 - 0% - 50%
PK3 Defense
1 - 0% - 50%
2 - 0% - 50%
44 Forward
1 - 0% - 50%
2 - 0% - 50%
44 Defense
1 - 0% - 50%
2 - 0% - 50%
Last Minute Offensive  - 0:00
Last Minute Defensive  - 0:00
Total
Forward - 60:00
Defense - 60:00

% Time on Ice - MapleLeafs

Lines # - Real PCT - Wanted PCT - Time Play
Normal Forward
1 - 30% - 35% - 13:45
2 - 30% - 35% - 13:34
3 - 20% - 20% - 9:17
4 - 20% - 10% - 9:06
Normal Defense
1 - 35% - 40% - 15:56
2 - 38% - 35% - 17:16
3 - 27% - 25% - 12:30
4 - 0% - 0% - 0:00
PP Forward
1 - 52% - 60% - 3:10
2 - 48% - 40% - 2:56
PP Defense
1 - 64% - 75% - 3:54
2 - 36% - 25% - 2:12
PK Forward
1 - 78% - 60% - 6:22
2 - 22% - 40% - 1:50
PK Defense
1 - 91% - 75% - 7:29
2 - 9% - 25% - 0:43
PK3 Forward
1 - 0% - 60%
2 - 0% - 40%
PK3 Defense
1 - 0% - 75%
2 - 0% - 25%
44 Forward
1 - 0% - 60%
2 - 0% - 40%
44 Defense
1 - 0% - 60%
2 - 0% - 40%
Last Minute Offensive  - 0:00
Last Minute Defensive  - 0:00
Total
Forward - 60:00
Defense - 60:00

Play by Play

1st period


0:01 of 1st period - Ryan Nugent-Hopkins wins face-off versus Mikko Koivu in neutral zone.
0:04 of 1st period - James Neal is hit by Ryan Suter and loses puck.
0:13 of 1st period - Ryan Suter is hit by Drew Doughty and loses puck.
0:48 of 1st period - Snap shot by Bobby Ryan.
0:48 of 1st period - Stopped by Carey Price with a rebound.
0:52 of 1st period - Snap shot by Bobby Ryan.
0:52 of 1st period - Stopped by Carey Price with a rebound.
1:00 of 1st period - Wrist shot by Patrick Sharp.
1:00 of 1st period - Stopped by Carey Price with a rebound.
2:02 of 1st period - Minor Penalty to Brandon Dubinsky for Hooking.
2:03 of 1st period - Mikko Koivu wins face-off versus Derek MacKenzie in Lightning zone.
2:06 of 1st period - Wrist shot by James van Riemsdyk.
2:06 of 1st period - Goal by James van Riemsdyk - Lightning : 0 - MapleLeafs : 1.
2:07 of 1st period - Shawn Matthias wins face-off versus John Mitchell in neutral zone.
2:15 of 1st period - Snap shot by Jeff Skinner.
2:15 of 1st period - Shot Misses the Net.
2:17 of 1st period - Slapshot by Carl Gunnarsson.
2:17 of 1st period - Shot Blocked by Michael Stone.
3:15 of 1st period - Slapshot by Ryan Suter.
3:15 of 1st period - Deflect By Patrick Sharp.
3:15 of 1st period - Stopped by Cory Schneider with a rebound.
3:17 of 1st period - Wrist shot by Derek MacKenzie.
3:17 of 1st period - Stopped by Cory Schneider without a rebound.
3:18 of 1st period - Matt Calvert wins face-off versus Mikko Koivu in MapleLeafs zone.
3:23 of 1st period - Wrist shot by Tyson Barrie.
3:23 of 1st period - Deflect By Derek MacKenzie.
3:23 of 1st period - Shot Misses the Net.
3:23 of 1st period - Puck is out of play.
3:24 of 1st period - Brandon Dubinsky wins face-off versus Mikko Koivu in MapleLeafs zone.
3:38 of 1st period - Minor Penalty to Drew Doughty for Cross-checking.
3:39 of 1st period - Ryan Nugent-Hopkins wins face-off versus Dominic Moore in MapleLeafs zone.
4:01 of 1st period - Wrist shot by Ryan Nugent-Hopkins.
4:01 of 1st period - Stopped by Cory Schneider without a rebound.
4:02 of 1st period - Brandon Dubinsky wins face-off versus Dainius Zubrus in MapleLeafs zone.
4:17 of 1st period - Slapshot by Ryan Strome.
4:17 of 1st period - Stopped by Cory Schneider without a rebound.
4:18 of 1st period - Dominic Moore wins face-off versus Brandon Dubinsky in MapleLeafs zone.
4:47 of 1st period - Wrist shot by Ondrej Palat.
4:47 of 1st period - Deflect By Brandon Dubinsky.
4:47 of 1st period - Shot Misses the Net.
4:47 of 1st period - Puck is out of play.
4:48 of 1st period - Mikko Koivu wins face-off versus Alexander Steen in MapleLeafs zone.
5:25 of 1st period - Wrist shot by Ryan Nugent-Hopkins.
5:25 of 1st period - Shot Blocked by Dan Girardi.
5:38 of 1st period - Penalty to Drew Doughty is over, Drew Doughty is back on ice.
5:43 of 1st period - Dan Girardi is hit by Ryan Strome and loses puck.
6:26 of 1st period - Slapshot by Leo Komarov.
6:26 of 1st period - Stopped by Cory Schneider with a rebound.
7:05 of 1st period - Jeff Skinner is hit by Jiri Tlusty and loses puck.
7:36 of 1st period - Wrist shot by Bobby Ryan.
7:36 of 1st period - Shot Misses the Net.
7:38 of 1st period - Snap shot by Patrick Sharp.
7:38 of 1st period - Stopped by Carey Price without a rebound.
7:39 of 1st period - Brandon Sutter wins face-off versus Brandon Dubinsky in Lightning zone.
7:46 of 1st period - Snap shot by Patrick Sharp.
7:46 of 1st period - Stopped by Carey Price with a rebound.
7:55 of 1st period - Minor Penalty to Brandon Dubinsky for Interference.
7:56 of 1st period - Mikko Koivu wins face-off versus Leo Komarov in Lightning zone.
7:56 of 1st period - Wrist shot by James van Riemsdyk.
7:56 of 1st period - Shot Blocked by Marc Methot.
7:58 of 1st period - Wrist shot by Mikko Koivu.
7:58 of 1st period - Shot Misses the Net.
8:00 of 1st period - Wrist shot by Drew Doughty.
8:00 of 1st period - Deflect By James van Riemsdyk.
8:00 of 1st period - Deflect By Ryan Suter.
8:00 of 1st period - Goal by James van Riemsdyk - Lightning : 0 - MapleLeafs : 2.
8:01 of 1st period - Brandon Sutter wins face-off versus Ryan Nugent-Hopkins in neutral zone.
8:24 of 1st period - Wrist shot by Patrick Sharp.
8:24 of 1st period - Shot Blocked by Ryan Suter.
8:32 of 1st period - Wrist shot by Patrick Sharp.
8:32 of 1st period - Shot Blocked by Ryan Suter.
8:34 of 1st period - Wrist shot by Marc-Edouard Vlasic.
8:34 of 1st period - Deflect By Ryan Suter.
8:34 of 1st period - Stopped by Carey Price without a rebound.
8:35 of 1st period - Brandon Dubinsky wins face-off versus Mikko Koivu in Lightning zone.
8:47 of 1st period - Snap shot by Mikko Koivu.
8:47 of 1st period - Stopped by Carey Price with a rebound.
9:29 of 1st period - Morgan Rielly is hit by Derek MacKenzie and loses puck.
9:35 of 1st period - Icing by Dominic Moore.
9:36 of 1st period - Derek MacKenzie wins face-off versus Dainius Zubrus in MapleLeafs zone.
9:53 of 1st period - Slapshot by Justin Williams.
9:53 of 1st period - Stopped by Carey Price with a rebound.
10:03 of 1st period - Snap shot by Justin Williams.
10:03 of 1st period - Stopped by Carey Price with a rebound.
10:21 of 1st period - Wrist shot by Ryan Nugent-Hopkins.
10:21 of 1st period - Shot Misses the Net.
10:51 of 1st period - Wrist shot by Patric Hornqvist.
10:51 of 1st period - Shot Blocked by Marc-Edouard Vlasic.
11:18 of 1st period - Carl Gunnarsson is hit by Alex Chiasson and loses puck.
11:47 of 1st period - Wrist shot by Jeff Skinner.
11:47 of 1st period - Stopped by Carey Price with a rebound.
11:49 of 1st period - Snap shot by Carl Gunnarsson.
11:49 of 1st period - Deflect By Jeff Skinner.
11:49 of 1st period - Stopped by Carey Price with a rebound.
12:11 of 1st period - Snap shot by Ryan Strome.
12:11 of 1st period - Shot Blocked by Erik Gudbranson.
12:53 of 1st period - James van Riemsdyk is hit by Leo Komarov and loses puck.
15:24 of 1st period - Snap shot by Dainius Zubrus.
15:24 of 1st period - Stopped by Carey Price with a rebound.
15:30 of 1st period - Minor Penalty to Ondrej Palat for Goalie Interference.
15:31 of 1st period - Brandon Sutter wins face-off versus Derek MacKenzie in Lightning zone.
16:15 of 1st period - Off-side.
16:16 of 1st period - Mikko Koivu wins face-off versus Brandon Dubinsky in neutral zone.
16:19 of 1st period - Wrist shot by James van Riemsdyk.
16:19 of 1st period - Shot Misses the Net.
17:19 of 1st period - James van Riemsdyk is hit by Derek MacKenzie.
17:23 of 1st period - Dan Girardi is hit by Derek MacKenzie and loses puck.
17:30 of 1st period - Penalty to Ondrej Palat is over, Ondrej Palat is back on ice.
18:20 of 1st period - Dainius Zubrus is hit by John Mitchell and loses puck.
18:40 of 1st period - Wrist shot by Jeff Skinner.
18:40 of 1st period - Deflect By Alex Chiasson.
18:40 of 1st period - Shot Misses the Net.
18:40 of 1st period - Puck is out of play.
18:41 of 1st period - Brandon Dubinsky wins face-off versus Beau Bennett in Lightning zone.
19:26 of 1st period - Minor Penalty to Marc-Edouard Vlasic for Holding.
19:27 of 1st period - Dominic Moore wins face-off versus Ryan Nugent-Hopkins in MapleLeafs zone.
19:42 of 1st period - Slapshot by Ryan Nugent-Hopkins.
19:42 of 1st period - Goal by Ryan Nugent-Hopkins - Lightning : 1 - MapleLeafs : 2.
19:43 of 1st period - Derek MacKenzie wins face-off versus Bobby Ryan in neutral zone.
Goals for this period are 1 for Lightning vs 2 for MapleLeafs.
Shots for this period are 6 for Lightning vs 14 for MapleLeafs.

2nd period


0:01 of 2nd period - Brandon Dubinsky wins face-off versus Brandon Sutter in neutral zone.
0:36 of 2nd period - Drew Doughty is hit by Ondrej Palat and loses puck.
0:54 of 2nd period - Minor Penalty to Dan Girardi for Roughing.
0:55 of 2nd period - Ryan Nugent-Hopkins wins face-off versus Dominic Moore in MapleLeafs zone.
1:10 of 2nd period - Slapshot by Alexander Steen.
1:10 of 2nd period - Stopped by Cory Schneider with a rebound.
1:18 of 2nd period - Slapshot by Ryan Nugent-Hopkins.
1:18 of 2nd period - Shot Hit the Post.
1:20 of 2nd period - Slapshot by Dmitry Kulikov.
1:20 of 2nd period - Shot Blocked by Dominic Moore.
2:54 of 2nd period - Penalty to Dan Girardi is over, Dan Girardi is back on ice.
3:15 of 2nd period - Snap shot by James Neal.
3:15 of 2nd period - Shot Misses the Net.
4:17 of 2nd period - Slapshot by Bobby Ryan.
4:17 of 2nd period - Shot Blocked by John Mitchell.
6:06 of 2nd period - Marc Methot is hit by Dan Girardi and loses puck.
6:20 of 2nd period - Slapshot by Dmitry Kulikov.
6:20 of 2nd period - Deflect By Jiri Tlusty.
6:20 of 2nd period - Shot Misses the Net.
6:20 of 2nd period - Puck is out of play.
6:21 of 2nd period - Shawn Matthias wins face-off versus Brandon Dubinsky in MapleLeafs zone.
6:26 of 2nd period - Slapshot by Beau Bennett.
6:26 of 2nd period - Shot Misses the Net.
6:28 of 2nd period - Slapshot by Drew Doughty.
6:28 of 2nd period - Stopped by Carey Price with a rebound.
6:30 of 2nd period - Snap shot by Beau Bennett.
6:30 of 2nd period - Stopped by Carey Price with a rebound.
6:32 of 2nd period - Wrist shot by Beau Bennett.
6:32 of 2nd period - Shot Misses the Net.
6:34 of 2nd period - Slapshot by Dan Girardi.
6:34 of 2nd period - Shot Misses the Net.
6:42 of 2nd period - Slapshot by Beau Bennett.
6:42 of 2nd period - Stopped by Carey Price with a rebound.
6:44 of 2nd period - Slapshot by Marc-Edouard Vlasic.
6:44 of 2nd period - Shot Blocked by Dmitry Kulikov.
6:46 of 2nd period - Snap shot by Morgan Rielly.
6:46 of 2nd period - Shot Blocked by Dmitry Kulikov.
7:28 of 2nd period - Snap shot by Justin Williams.
7:28 of 2nd period - Shot Misses the Net.
7:33 of 2nd period - Icing by Patric Hornqvist.
7:34 of 2nd period - Ryan Nugent-Hopkins wins face-off versus Dainius Zubrus in Lightning zone.
8:09 of 2nd period - Snap shot by Jiri Tlusty.
8:09 of 2nd period - Shot Misses the Net.
8:11 of 2nd period - Wrist shot by Alex Chiasson.
8:11 of 2nd period - Shot Misses the Net.
8:13 of 2nd period - Snap shot by Jiri Tlusty.
8:13 of 2nd period - Stopped by Cory Schneider without a rebound.
8:14 of 2nd period - Matt Calvert wins face-off versus Shawn Matthias in MapleLeafs zone.
8:45 of 2nd period - Slapshot by Tyson Barrie.
8:45 of 2nd period - Deflect By Matt Calvert.
8:45 of 2nd period - Stopped by Cory Schneider with a rebound.
9:23 of 2nd period - Slapshot by Ondrej Palat.
9:23 of 2nd period - Stopped by Cory Schneider without a rebound.
9:24 of 2nd period - Mikko Koivu wins face-off versus Ryan Nugent-Hopkins in MapleLeafs zone.
9:53 of 2nd period - Patric Hornqvist is hit by James van Riemsdyk and loses puck.
10:35 of 2nd period - Dainius Zubrus is hit by Roman Polak and loses puck.
11:02 of 2nd period - Snap shot by Alex Chiasson.
11:02 of 2nd period - Stopped by Cory Schneider with a rebound.
11:04 of 2nd period - Slapshot by Marc Methot.
11:04 of 2nd period - Shot Blocked by Dan Girardi.
11:06 of 2nd period - Slapshot by Dmitry Kulikov.
11:06 of 2nd period - Shot Misses the Net.
11:08 of 2nd period - Snap shot by Jiri Tlusty.
11:08 of 2nd period - Shot Misses the Net.
11:10 of 2nd period - Slapshot by Dmitry Kulikov.
11:10 of 2nd period - Deflect By Drew Doughty.
11:10 of 2nd period - Stopped by Cory Schneider without a rebound.
11:11 of 2nd period - Derek MacKenzie wins face-off versus Brandon Sutter in MapleLeafs zone.
11:12 of 2nd period - Slapshot by Tyson Barrie.
11:12 of 2nd period - Shot Misses the Net.
11:18 of 2nd period - Snap shot by Tyson Barrie.
11:18 of 2nd period - Shot Blocked by Marc-Edouard Vlasic.
11:21 of 2nd period - Icing by Marc-Edouard Vlasic.
11:22 of 2nd period - Brandon Sutter wins face-off versus Derek MacKenzie in MapleLeafs zone.
11:22 of 2nd period - Minor Penalty to Marc-Edouard Vlasic for Cross-checking.
11:23 of 2nd period - Brandon Dubinsky wins face-off versus Dainius Zubrus in MapleLeafs zone.
12:10 of 2nd period - Ryan Nugent-Hopkins is hit by Dan Girardi and loses puck.
13:22 of 2nd period - Penalty to Marc-Edouard Vlasic is over, Marc-Edouard Vlasic is back on ice.
13:31 of 2nd period - Snap shot by Patric Hornqvist.
13:31 of 2nd period - Shot Blocked by Erik Gudbranson.
14:16 of 2nd period - Roman Polak is hit by Jeff Skinner and loses puck.
14:45 of 2nd period - Derek MacKenzie is hit by Drew Doughty and loses puck.
15:38 of 2nd period - Erik Gudbranson is hit by Ondrej Palat and loses puck.
16:22 of 2nd period - Bobby Ryan is hit by Leo Komarov.
16:26 of 2nd period - Ryan Suter is hit by Brandon Sutter and loses puck.
16:46 of 2nd period - Alex Chiasson is hit by Beau Bennett and loses puck.
16:51 of 2nd period - Wrist shot by Jeff Skinner.
16:51 of 2nd period - Stopped by Carey Price with a rebound.
16:53 of 2nd period - Slapshot by Dan Girardi.
16:53 of 2nd period - Shot Misses the Net.
16:55 of 2nd period - Wrist shot by Jeff Skinner.
16:55 of 2nd period - Goal by Jeff Skinner - Lightning : 1 - MapleLeafs : 3.
16:56 of 2nd period - Brandon Dubinsky wins face-off versus Dainius Zubrus in neutral zone.
17:08 of 2nd period - Drew Doughty is hit by Marc Methot and loses puck.
17:15 of 2nd period - Backhand shot by Drew Doughty.
17:15 of 2nd period - Shot Blocked by Dmitry Kulikov.
17:17 of 2nd period - Wrist shot by Dainius Zubrus.
17:17 of 2nd period - Goal by Dainius Zubrus - Lightning : 1 - MapleLeafs : 4.
17:18 of 2nd period - Ryan Nugent-Hopkins wins face-off versus Mikko Koivu in neutral zone.
17:28 of 2nd period - Wrist shot by Ryan Nugent-Hopkins.
17:28 of 2nd period - Stopped by Cory Schneider without a rebound.
17:29 of 2nd period - Ryan Nugent-Hopkins wins face-off versus Mikko Koivu in MapleLeafs zone.
17:30 of 2nd period - Wrist shot by Alexander Steen.
17:30 of 2nd period - Shot Misses the Net.
17:32 of 2nd period - Slapshot by Ryan Suter.
17:32 of 2nd period - Shot Misses the Net.
17:34 of 2nd period - Slapshot by Ryan Suter.
17:34 of 2nd period - Shot Hit the Post.
17:36 of 2nd period - Snap shot by Alexander Steen.
17:36 of 2nd period - Shot Blocked by Dan Girardi.
17:38 of 2nd period - Slapshot by Tyson Barrie.
17:38 of 2nd period - Shot Misses the Net.
17:40 of 2nd period - Wrist shot by Ryan Nugent-Hopkins.
17:40 of 2nd period - Shot Misses the Net.
17:42 of 2nd period - Snap shot by Ryan Suter.
17:42 of 2nd period - Stopped by Cory Schneider with a rebound.
17:44 of 2nd period - Snap shot by Ryan Nugent-Hopkins.
17:44 of 2nd period - Stopped by Cory Schneider without a rebound.
17:45 of 2nd period - Brandon Sutter wins face-off versus Brandon Dubinsky in MapleLeafs zone.
18:04 of 2nd period - Wrist shot by Ryan Strome.
18:04 of 2nd period - Shot Blocked by Patrick Sharp.
18:06 of 2nd period - Snap shot by Brandon Dubinsky.
18:06 of 2nd period - Stopped by Cory Schneider with a rebound.
18:44 of 2nd period - Slapshot by Alexander Steen.
18:44 of 2nd period - Stopped by Cory Schneider with a rebound.
18:56 of 2nd period - Snap shot by Patric Hornqvist.
18:56 of 2nd period - Shot Blocked by Brandon Sutter.
19:22 of 2nd period - Wrist shot by James Neal.
19:22 of 2nd period - Deflect By James van Riemsdyk.
19:22 of 2nd period - Shot Misses the Net.
19:22 of 2nd period - Puck is out of play.
19:23 of 2nd period - Dainius Zubrus wins face-off versus Derek MacKenzie in Lightning zone.
19:42 of 2nd period - Slapshot by Derek MacKenzie.
19:42 of 2nd period - Shot Misses the Net.
19:44 of 2nd period - Snap shot by Matt Calvert.
19:44 of 2nd period - Stopped by Cory Schneider with a rebound.
19:46 of 2nd period - Snap shot by Derek MacKenzie.
19:46 of 2nd period - Shot Misses the Net.
19:48 of 2nd period - Wrist shot by Derek MacKenzie.
19:48 of 2nd period - Shot Misses the Net.
19:50 of 2nd period - Slapshot by Roman Polak.
19:50 of 2nd period - Deflect By Derek MacKenzie.
19:50 of 2nd period - Shot Misses the Net.
19:50 of 2nd period - Puck is out of play.
19:51 of 2nd period - Mikko Koivu wins face-off versus Ryan Strome in MapleLeafs zone.
Goals for this period are 0 for Lightning vs 2 for MapleLeafs.
Shots for this period are 12 for Lightning vs 6 for MapleLeafs.

3rd period


0:01 of 3rd period - Ryan Nugent-Hopkins wins face-off versus Brandon Sutter in neutral zone.
0:32 of 3rd period - Slapshot by Patric Hornqvist.
0:32 of 3rd period - Stopped by Cory Schneider with a rebound.
0:59 of 3rd period - James van Riemsdyk is hit by Roman Polak.
2:06 of 3rd period - Wrist shot by John Mitchell.
2:06 of 3rd period - Shot Blocked by Morgan Rielly.
2:26 of 3rd period - Slapshot by Jeff Skinner.
2:26 of 3rd period - Stopped by Carey Price with a rebound.
2:28 of 3rd period - Wrist shot by Shawn Matthias.
2:28 of 3rd period - Shot Misses the Net.
2:30 of 3rd period - Wrist shot by Shawn Matthias.
2:30 of 3rd period - Stopped by Carey Price with a rebound.
3:32 of 3rd period - Slapshot by Ryan Strome.
3:32 of 3rd period - Shot Misses the Net.
3:34 of 3rd period - Slapshot by Dmitry Kulikov.
3:34 of 3rd period - Stopped by Cory Schneider without a rebound.
3:35 of 3rd period - Brandon Sutter wins face-off versus Brandon Dubinsky in MapleLeafs zone.
3:45 of 3rd period - Minor Penalty to Brandon Dubinsky for Roughing.
3:46 of 3rd period - Derek MacKenzie wins face-off versus Mikko Koivu in Lightning zone.
4:12 of 3rd period - Leo Komarov is hit by James van Riemsdyk and loses puck.
4:35 of 3rd period - Roman Polak is hit by Brandon Sutter and loses puck.
4:56 of 3rd period - Snap shot by Bobby Ryan.
4:56 of 3rd period - Shot Blocked by Roman Polak.
4:58 of 3rd period - Snap shot by Brandon Sutter.
4:58 of 3rd period - Deflect By Bobby Ryan.
4:58 of 3rd period - Shot Blocked by Roman Polak.
4:58 of 3rd period - Puck is out of play.
4:59 of 3rd period - Alexander Steen wins face-off versus James Neal in Lightning zone.
5:14 of 3rd period - Snap shot by James van Riemsdyk.
5:14 of 3rd period - Shot Blocked by Matt Calvert.
5:45 of 3rd period - Penalty to Brandon Dubinsky is over, Brandon Dubinsky is back on ice.
6:14 of 3rd period - Snap shot by Jiri Tlusty.
6:14 of 3rd period - Stopped by Cory Schneider without a rebound.
6:15 of 3rd period - Brandon Dubinsky wins face-off versus Dainius Zubrus in MapleLeafs zone.
7:24 of 3rd period - Slapshot by Alexander Steen.
7:24 of 3rd period - Stopped by Cory Schneider without a rebound.
7:25 of 3rd period - Shawn Matthias wins face-off versus Alex Chiasson in MapleLeafs zone.
7:30 of 3rd period - Wrist shot by Jeff Skinner.
7:30 of 3rd period - Stopped by Carey Price with a rebound.
7:41 of 3rd period - Off-side.
7:42 of 3rd period - Alex Chiasson wins face-off versus Shawn Matthias in neutral zone.
7:48 of 3rd period - Slapshot by Roman Polak.
7:48 of 3rd period - Stopped by Cory Schneider without a rebound.
7:49 of 3rd period - Brandon Sutter wins face-off versus Brandon Dubinsky in MapleLeafs zone.
7:54 of 3rd period - Marc Methot is hit by Brandon Sutter.
8:10 of 3rd period - Snap shot by Ondrej Palat.
8:10 of 3rd period - Shot Blocked by Dan Girardi.
8:13 of 3rd period - Icing by Drew Doughty.
8:14 of 3rd period - Brandon Sutter wins face-off versus Ryan Nugent-Hopkins in MapleLeafs zone.
8:34 of 3rd period - Off-side.
8:35 of 3rd period - Mikko Koivu wins face-off versus Derek MacKenzie in neutral zone.
8:38 of 3rd period - Matt Calvert is hit by Marc-Edouard Vlasic and loses puck.
9:32 of 3rd period - Ryan Suter is hit by Justin Williams and loses puck.
9:55 of 3rd period - Dan Girardi is hit by Alexander Steen and loses puck.
10:24 of 3rd period - Drew Doughty is hit by Brandon Dubinsky.
10:34 of 3rd period - Patrick Sharp is hit by Ryan Strome and loses puck.
11:21 of 3rd period - Snap shot by Jeff Skinner.
11:21 of 3rd period - Deflect By Shawn Matthias.
11:21 of 3rd period - Shot Misses the Net.
11:21 of 3rd period - Puck is out of play.
11:22 of 3rd period - Ryan Nugent-Hopkins wins face-off versus James van Riemsdyk in Lightning zone.
11:22 of 3rd period - Ryan Nugent-Hopkins is hit by James Neal.
11:27 of 3rd period - Off-side.
11:28 of 3rd period - Mikko Koivu wins face-off versus Ryan Nugent-Hopkins in neutral zone.
12:24 of 3rd period - Snap shot by Ondrej Palat.
12:24 of 3rd period - Stopped by Cory Schneider without a rebound.
12:25 of 3rd period - Brandon Dubinsky wins face-off versus Brandon Sutter in MapleLeafs zone.
12:53 of 3rd period - Minor Penalty to Brandon Dubinsky for Holding.
12:54 of 3rd period - Mikko Koivu wins face-off versus Derek MacKenzie in Lightning zone.
14:08 of 3rd period - Roman Polak is hit by Brandon Sutter and loses puck.
14:19 of 3rd period - Roman Polak is hit by Mikko Koivu and loses puck.
14:30 of 3rd period - Snap shot by James Neal.
14:30 of 3rd period - Shot Blocked by Matt Calvert.
14:32 of 3rd period - Slapshot by Morgan Rielly.
14:32 of 3rd period - Shot Blocked by Matt Calvert.
14:53 of 3rd period - Penalty to Brandon Dubinsky is over, Brandon Dubinsky is back on ice.
15:26 of 3rd period - Wrist shot by Justin Williams.
15:26 of 3rd period - Stopped by Carey Price with a rebound.
15:32 of 3rd period - Dainius Zubrus is hit by Tyson Barrie and loses puck.
15:55 of 3rd period - Snap shot by Jeff Skinner.
15:55 of 3rd period - Stopped by Carey Price with a rebound.
16:07 of 3rd period - Wrist shot by Beau Bennett.
16:07 of 3rd period - Deflect By Shawn Matthias.
16:07 of 3rd period - Stopped by Carey Price with a rebound.
16:09 of 3rd period - Snap shot by Beau Bennett.
16:09 of 3rd period - Goal by Beau Bennett - Lightning : 1 - MapleLeafs : 5.
16:10 of 3rd period - Brandon Dubinsky wins face-off versus Mikko Koivu in neutral zone.
16:21 of 3rd period - Wrist shot by Ryan Strome.
16:21 of 3rd period - Deflect By Brandon Dubinsky.
16:21 of 3rd period - Shot Misses the Net.
16:21 of 3rd period - Puck is out of play.
16:22 of 3rd period - Brandon Dubinsky wins face-off versus Mikko Koivu in MapleLeafs zone.
16:26 of 3rd period - Minor Penalty to Drew Doughty for Holding.
16:27 of 3rd period - Dominic Moore wins face-off versus Brandon Dubinsky in MapleLeafs zone.
16:57 of 3rd period - Wrist shot by Ryan Strome.
16:57 of 3rd period - Stopped by Cory Schneider without a rebound.
16:58 of 3rd period - Dominic Moore wins face-off versus Ryan Nugent-Hopkins in MapleLeafs zone.
17:29 of 3rd period - Wrist shot by Ryan Nugent-Hopkins.
17:29 of 3rd period - Shot Misses the Net.
17:48 of 3rd period - Slapshot by Dominic Moore.
17:48 of 3rd period - Shot Blocked by Ryan Nugent-Hopkins.
17:58 of 3rd period - Ryan Nugent-Hopkins is hit by Dominic Moore and loses puck.
18:26 of 3rd period - Penalty to Drew Doughty is over, Drew Doughty is back on ice.
18:36 of 3rd period - Snap shot by Ryan Strome.
18:36 of 3rd period - Shot Blocked by Marc-Edouard Vlasic.
18:38 of 3rd period - Slapshot by Ondrej Palat.
18:38 of 3rd period - Deflect By Ryan Strome.
18:38 of 3rd period - Shot Misses the Net.
18:38 of 3rd period - Puck is out of play.
18:39 of 3rd period - Derek MacKenzie wins face-off versus Mikko Koivu in MapleLeafs zone.
18:45 of 3rd period - Icing by James van Riemsdyk.
18:46 of 3rd period - Derek MacKenzie wins face-off versus Mikko Koivu in MapleLeafs zone.
19:05 of 3rd period - Snap shot by James van Riemsdyk.
19:05 of 3rd period - Shot Blocked by Leo Komarov.
19:07 of 3rd period - Slapshot by Carl Gunnarsson.
19:07 of 3rd period - Shot Misses the Net.
19:23 of 3rd period - Off-side.
19:24 of 3rd period - Brandon Dubinsky wins face-off versus Brandon Sutter in neutral zone.
19:31 of 3rd period - Brandon Dubinsky is hit by Patrick Sharp and loses puck.
Goals for this period are 0 for Lightning vs 1 for MapleLeafs.
Shots for this period are 7 for Lightning vs 7 for MapleLeafs.